 Dungeon Crawl Stone Soup version 0.18.1-50-g88ac8fd (webtiles) character file.

367 sleepydude the Cudgeler (level 6, 0/38 HPs)
             Began as a Gargoyle Fighter on Oct 4, 2016.
             Was an Initiate of Okawaru.
             Killed by triggering an arrow trap (5 damage)
             ... in an ossuary.
             The game lasted 00:10:30 (1929 turns).

sleepydude the Cudgeler (Gargoyle Fighter)          Turns: 1929, Time: 00:10:31

Health: 0/38       AC: 12    Str: 19    XL:     6   Next: 69%
Magic:  6/6        EV:  7    Int:  9    God:    Okawaru [......]
Gold:   141        SH:  9    Dex: 11    Spells: 0 memorised, 5 levels left

rFire  . . .     SeeInvis .     l - +0 mace (drain)
rCold  . . .     Gourm    .     b - +0 scale mail
rNeg   + . .     Faith    .     c - +0 shield
rPois  ∞         Spirit   .     (no helmet)
rElec  +         Dismiss  .     s - +0 cloak
rCorr  +         Reflect  .     (no gloves)
SustAt .         Harm     .     (no boots)
MR     .....                    (no amulet)
Stlth  ..........               r - ring of resist corrosion
                                j - ring of wizardry

@: not resistant to hostile enchantments, extremely unstealthy
A: negative energy resistance 1, electricity resistance, unbreathing,
petrification resistance, rot immunity, AC +4
a: Renounce Religion


You were in an ossuary.
You worshipped Okawaru.
Okawaru was noncommittal.
You were hungry.

You visited 1 branch of the dungeon, and saw 4 of its levels.
You also visited: Ossuary.

You collected 141 gold pieces.

Inventory:

Hand Weapons
 a - a +0 flail
 l - a +0 mace of draining (weapon)
Armour
 b - a +0 scale mail (worn)
 c - a +0 shield (worn)
 s - a +0 cloak (worn)
Jewellery
 j - a ring of wizardry (left hand)
 r - a ring of resist corrosion (right hand)
Scrolls
 e - a scroll of magic mapping {unknown}
 i - 3 scrolls of remove curse {unknown}
 k - 3 scrolls of identify {unknown}
 q - a scroll of teleportation {unknown}
Potions
 d - a potion of might
 g - a potion of magic {unknown}
 h - a potion of cure mutation {unknown}
 m - 2 potions of brilliance {unknown}
 n - a potion of ambrosia {unknown}
 o - a potion of berserk rage {unknown}
Books
 p - Vehumet's Compendium of Conjuration
   (You found it on level 2 of the Dungeon)

   Spells                             Type                      Level
   a - Magic Dart                     Conjuration                  1
Comestibles
 f - 2 bread rations


   Skills:
 + Level 3.7 Fighting
 + Level 6.2 Maces & Flails
 + Level 3.7 Armour
 + Level 3.8 Shields


You had 5 spell levels left.
You didn't know any spells.

Dungeon Overview and Level Annotations

Branches:
Dungeon (4/15)
 Temple: D:4-7

Altars:
Fedhas
Kikubaaqudgha
Okawaru
Qazlal
Sif Muna
Vehumet
Yredelemnul


Innate Abilities, Weirdness & Mutations

You are resistant to torment.
Your stone body is resilient (AC +4).
You are immune to poison.
You resist negative energy.
You are resistant to electric shocks.
You can survive without breathing.
You are immune to petrification.
You are immune to rotting.


Message History

There is an empty arch of ancient stone here.
You hit the mummy.
The mummy is lightly damaged.
You hit the mummy.
The mummy is lightly damaged.
You block the mummy's attack.
You sock the mummy!
The mummy is severely damaged.
The mummy hits you but does no damage. The mummy hits you!
The mummy barely misses you.
You hit the mummy.
The mummy is severely damaged.
You hit the mummy but do no damage.
The mummy is severely damaged.
The mummy hits you but does no damage. You block the mummy's attack.
The mummy hits you!
* * * LOW HITPOINT WARNING * * *
The mummy hits you but does no damage. An arrow shoots out and hits you!
You die...

#####
##...##
#.....#
##.....##
#.MMM...#
#.......#
#...∩...#
#...@...#
#...∩...#
#.......#
#.......#
##.....##
+.....+
#.....#
+.....+


You could see 3 mummies.

Vanquished Creatures
  The ghost of DakAttack the Sneak, an amateur DsAs (D:4)
  A howler monkey (D:3)
  A crimson imp (D:3)
  An orc priest (D:3)
  A worker ant (D:4)
  4 adders
  An ooze (D:3)
  A worm (D:2)
  2 dart slugs
  3 giant geckos (D:2)
  4 orcs (D:3)
  3 giant cockroaches
  4 hobgoblins
  7 jackals
  5 kobolds
  4 quokkas (D:3)
  A ball python (D:1)
  6 bats
  2 giant newts
  8 goblins
  5 rats
65 creatures vanquished.

Notes
Turn   | Place    | Note
--------------------------------------------------------------
     0 | D:1      | sleepydude the Gargoyle Fighter began the quest for the Orb.
     0 | D:1      | Reached XP level 1. HP: 14/14 MP: 1/1
   319 | D:1      | Reached XP level 2. HP: 19/19 MP: 2/2
   430 | D:1      | Reached skill level 3 in Maces & Flails
   684 | D:2      | Reached XP level 3. HP: 23/23 MP: 3/3
  1008 | D:2      | Found a deep blue altar of Sif Muna.
  1008 | D:2      | Found a radiant altar of Vehumet.
  1008 | D:2      | Found an ancient bone altar of Kikubaaqudgha.
  1015 | D:2      | Reached skill level 4 in Maces & Flails
  1021 | D:2      | Identified Vehumet's Compendium of Conjuration
  1055 | D:3      | Reached XP level 4. HP: 24/28 MP: 4/4
  1158 | D:3      | Found a stormy altar of Qazlal.
  1160 | D:3      | Found a blossoming altar of Fedhas.
  1352 | D:3      | Reached skill level 5 in Maces & Flails
  1352 | D:3      | Reached XP level 5. HP: 30/32 MP: 5/5
  1482 | D:3      | Found a basalt altar of Yredelemnul.
  1482 | D:3      | Found an iron altar of Okawaru.
  1494 | D:3      | Became a worshipper of Warmaster Okawaru
  1788 | D:4      | Reached skill level 6 in Maces & Flails
  1788 | D:4      | Reached XP level 6. HP: 36/37 MP: 6/6
  1843 | D:4      | Found a sand-covered staircase.
  1859 | D:4      | Noticed DakAttack's ghost (amateur DsAs)
  1902 | D:4      | Killed DakAttack's ghost
  1919 | Ossuary  | Entered an ossuary
  1929 | Ossuary  | Killed by triggering an arrow trap

Skill      XL: |  1  2  3  4  5 |
---------------+----------------+-----
Maces & Flails | 3 4 5 6 |  6.2
Fighting       | |  3.7
Armour         | |  3.7
Shields        | |  3.8

Action                   |  1- 3 |  4- 6 || total
-------------------------+-------+-------++-------
Melee: Flail             |    45 |       ||    45
       Mace              |    73 |   152 ||   225
  Eat: Chunk             |       |     3 ||     3
Armor: Scale mail        |    70 |    81 ||   151
Dodge: Dodged            |    53 |    33 ||    86
Block: Shield            |    57 |    66 ||   123
